| TOP OF THE 1ST |
|
University of Southern California Trojans batting - Pitching for Mississippi State University Bulldogs : RHP Nick Mistretta
|
|
Pitching: RHP Nick Mistretta
|
|
|
Batting: RHB Joaquin Salazar
|
0-0: Swinging Strike 0-1: Ball 1-1: Ball 2-1: TRIPLE (Flyball, 78XD, EV 113.1 MPH)
|
|
Batting: LHB Alex Chairez
|
0-0: SINGLE (Groundball, 34D, EV 96.9 MPH) Joaquin Salazar scores
|
|
Batting: RHB Carlos Livas
|
0-0: Called Strike 0-1: Grounds into double play, 6-4-3 (Groundball, 6, EV 85.6 MPH)
|
|
Batting: LHB Miguel Espinoza
|
0-0: Called Strike 0-1: Foul Ball, location: 2F 0-2: Ball 1-2: Ball 2-2: Ground out 2-3 (Groundball, 2R, EV 68.1 MPH)
|
| Top of the 1st over - 1 run, 2 hits, 0 errors, 0 left on base; University of Southern California 1 - Mississippi State University 0 |
| BOTTOM OF THE 1ST |
|
Mississippi State University Bulldogs batting - Pitching for University of Southern California Trojans : LHP Geoff Klaas
|
|
Pitching: LHP Geoff Klaas
|
|
|
Batting: RHB Bo Mar
|
0-0: Ball 1-0: Foul Ball, location: 2F 1-1: Ball 2-1: Ground out 4-3 (Groundball, 4, EV 103.1 MPH)
|
|
Batting: RHB George Wagner
|
0-0: Ball 1-0: Ball 2-0: Ball 3-0: Called Strike 3-1: Base on Balls
|
|
Batting: RHB Mike Bearden
|
0-0: Called Strike 0-1: Ball 1-1: DOUBLE (Line Drive, 89D, EV 104.4 MPH) George Wagner to third
|
|
Batting: RHB Xiao-shuang Au
|
0-0: SINGLE (Groundball, 4MS, EV 72.5 MPH) (infield hit) George Wagner scores Mike Bearden to third
|
|
Batting: LHB Dave Carlisle
|
0-0: Foul Ball, location: 2F 0-1: Ball 1-1: Ball 2-1: Fielders Choice at 2nd, 5-4 (Groundball, 56S, EV 80.6 MPH) Mike Bearden scores
|
|
Batting: RHB Alain Marquet
|
0-0: Ball 1-0: Swinging Strike 1-1: Foul Ball, location: 2F 1-2: Ball 2-2: SINGLE (Groundball, 6MD, EV 95.6 MPH) Dave Carlisle to second Runner from 2nd tries for 3rd, OUT! 8-5
|
| Bottom of the 1st over - 2 runs, 3 hits, 0 errors, 1 left on base; University of Southern California 1 - Mississippi State University 2 |
| TOP OF THE 2ND |
|
University of Southern California Trojans batting - Pitching for Mississippi State University Bulldogs : RHP Nick Mistretta
|
|
Batting: RHB Jon Solis
|
0-0: Ball 1-0: Called Strike 1-1: Called Strike 1-2: Strikes out swinging
|
|
Batting: SHB Rodrigo Mendoza
|
0-0: Foul Ball, location: 2F 0-1: Ball 1-1: Bunt missed! 1-2: Ground out U3 (Groundball, 3, EV 77.5 MPH)
|
|
Batting: RHB Arturo Galdamez
|
0-0: Ball 1-0: Called Strike 1-1: Ball 2-1: SINGLE (Groundball, 34D, EV 99.4 MPH)
|
|
Batting: RHB Luis Cruz
|
0-0: Foul Ball, location: 2F 0-1: Ball 1-1: Ground out 4-3 (Groundball, 34, EV 95.6 MPH)
|
| Top of the 2nd over - 0 runs, 1 hit, 0 errors, 1 left on base; University of Southern California 1 - Mississippi State University 2 |
| BOTTOM OF THE 2ND |
|
Mississippi State University Bulldogs batting - Pitching for University of Southern California Trojans : LHP Geoff Klaas
|
|
Batting: RHB Justin Young
|
0-0: Called Strike 0-1: Ball 1-1: Foul Ball, location: 2F 1-2: Ball 2-2: Ball 3-2: SINGLE (Line Drive, 4MD, EV 95.0 MPH)
|
|
Batting: LHB Ken Morehead
|
0-0: Ball 1-0: Called Strike 1-1: Ball 2-1: Called Strike 2-2: Strikes out swinging
|
|
Batting: LHB Afanasy Zasekin
|
0-0: SINGLE (Line Drive, 8LS, EV 106.9 MPH) Justin Young to second
|
|
Batting: RHB Bo Mar
|
0-0: Fly out, F4 (Popup, 13S, EV 88.8 MPH)
|
|
Batting: RHB George Wagner
|
0-0: Called Strike 0-1: Ball 1-1: Reached on error, E6 (Groundball, 6, EV 84.4 MPH) Justin Young to third Afanasy Zasekin to second
|
|
Batting: RHB Mike Bearden
|
0-0: Called Strike 0-1: Ball 1-1: Ball 2-1: Ball 3-1: Foul Ball, location: 2F 3-2: Base on Balls Justin Young scores Afanasy Zasekin to third George Wagner to second
|
|
Batting: RHB Xiao-shuang Au
|
0-0: Ball 1-0: Foul Ball, location: 2F 1-1: Ball 2-1: Called Strike 2-2: DOUBLE (Line Drive, 78M, EV 98.1 MPH) Afanasy Zasekin scores George Wagner scores Mike Bearden to third Runner from 3rd tries for Home, SAFE, throw by CF to home
|
|
Pitching: LHP Rafael Lozano
|
|
|
Batting: LHB Dave Carlisle
|
0-0: Ball 1-0: Ball 2-0: Ground out 4-3 (Groundball, 4, EV 98.1 MPH)
|
| Bottom of the 2nd over - 4 runs, 3 hits, 1 error, 1 left on base; University of Southern California 1 - Mississippi State University 6 |
| TOP OF THE 3RD |
|
University of Southern California Trojans batting - Pitching for Mississippi State University Bulldogs : RHP Nick Mistretta
|
|
Batting: RHB Albert Zaragoza
|
0-0: Ball 1-0: Ball 2-0: Ball 3-0: Base on Balls
|
|
Batting: RHB Joaquin Salazar
|
0-0: Fly out, F8 (Flyball, 78D, EV 110.0 MPH)
|
|
Batting: LHB Alex Chairez
|
0-0: Ball 1-0: Called Strike 1-1: Foul Ball, location: 2F 1-2: Fielders Choice at 2nd, 3-6 (Groundball, 34, EV 83.8 MPH)
|
|
Batting: RHB Carlos Livas
|
0-0: Ball 1-0: Ball 2-0: Swinging Strike 2-1: Ball 3-1: Base on Balls Alex Chairez to second
|
|
Batting: LHB Miguel Espinoza
|
0-0: Fly out, F8 (Flyball, 78M, EV 93.1 MPH)
|
| Top of the 3rd over - 0 runs, 0 hits, 0 errors, 2 left on base; University of Southern California 1 - Mississippi State University 6 |
| BOTTOM OF THE 3RD |
|
Mississippi State University Bulldogs batting - Pitching for University of Southern California Trojans : LHP Rafael Lozano
|
|
Batting: RHB Alain Marquet
|
0-0: Ball 1-0: Called Strike 1-1: Ball 2-1: Fly out, F8 (Flyball, 8LXD, EV 103.1 MPH)
|
|
Batting: RHB Justin Young
|
0-0: Foul Ball, location: 2F 0-1: Ball 1-1: Ball 2-1: Ball 3-1: Base on Balls
|
|
Batting: LHB Ken Morehead
|
0-0: Swinging Strike 0-1: Swinging Strike 0-2: Foul Ball, location: 2F 0-2: 2-RUN HOME RUN (Line Drive, 89XD, EV 115.0 MPH), Distance : 444 ft
|
|
Batting: LHB Afanasy Zasekin
|
0-0: Ball 1-0: Ball 2-0: Ground out 4-3 (Groundball, 4, EV 86.9 MPH)
|
|
Batting: RHB Bo Mar
|
0-0: Called Strike 0-1: DOUBLE (Groundball, 3L, EV 96.9 MPH)
|
|
Batting: RHB George Wagner
|
0-0: Ball 1-0: Ball 2-0: 2-RUN HOME RUN (Flyball, 78XD, EV 105.6 MPH), Distance : 408 ft
|
|
Batting: RHB Mike Bearden
|
0-0: Ball 1-0: Foul Ball, location: 2F 1-1: Foul Ball, location: 2F 1-2: SINGLE (Line Drive, 7S, EV 90.0 MPH)
|
|
Batting: RHB Xiao-shuang Au
|
0-0: Fielders Choice at 2nd, 5-4 (Groundball, 56, EV 88.8 MPH)
|
| Bottom of the 3rd over - 4 runs, 4 hits, 0 errors, 1 left on base; University of Southern California 1 - Mississippi State University 10 |
| TOP OF THE 4TH |
|
University of Southern California Trojans batting - Pitching for Mississippi State University Bulldogs : RHP Nick Mistretta
|
|
Batting: RHB Jon Solis
|
0-0: Called Strike 0-1: Ball 1-1: Foul Ball, location: 2F 1-2: Foul Ball, location: 2F 1-2: Ball 2-2: Ball 3-2: Ground out U3 (Groundball, 3, EV 86.3 MPH)
|
|
Batting: SHB Rodrigo Mendoza
|
0-0: Fly out, F8 (Flyball, 78S, EV 90.0 MPH)
|
|
Pitching: RHP Kazuki Arai
|
|
|
Batting: RHB Arturo Galdamez
|
0-0: Called Strike 0-1: Foul Ball, location: 2F 0-2: DOUBLE (Line Drive, 89D, EV 106.9 MPH)
|
|
Batting: RHB Luis Cruz
|
0-0: Ball 1-0: Ball 2-0: Called Strike 2-1: Foul Ball, location: 2F 2-2: Ball 3-2: Foul Ball, location: 2F 3-2: Foul Ball, location: 2F 3-2: Base on Balls
|
|
Batting: RHB Albert Zaragoza
|
0-0: Called Strike 0-1: Ball Wild Pitch! Arturo Galdamez to third Luis Cruz to second 1-1: Foul Ball, location: 2F 1-2: Strikes out swinging
|
| Top of the 4th over - 0 runs, 1 hit, 0 errors, 2 left on base; University of Southern California 1 - Mississippi State University 10 |
| BOTTOM OF THE 4TH |
|
Mississippi State University Bulldogs batting - Pitching for University of Southern California Trojans : LHP Rafael Lozano
|
|
Batting: LHB Dave Carlisle
|
0-0: Swinging Strike 0-1: Ball 1-1: Swinging Strike 1-2: Ball 2-2: Strikes out swinging
|
|
Batting: RHB Alain Marquet
|
0-0: Called Strike 0-1: Foul Ball, location: 2F 0-2: Strikes out swinging
|
|
Batting: RHB Justin Young
|
0-0: Called Strike 0-1: Called Strike 0-2: Ball 1-2: Strikes out looking
|
| Bottom of the 4th over - 0 runs, 0 hits, 0 errors, 0 left on base; University of Southern California 1 - Mississippi State University 10 |
| TOP OF THE 5TH |
|
University of Southern California Trojans batting - Pitching for Mississippi State University Bulldogs : RHP Kazuki Arai
|
|
Batting: RHB Joaquin Salazar
|
0-0: Ball 1-0: Ground out U3 (Groundball, 3L, EV 83.1 MPH)
|
|
Batting: LHB Alex Chairez
|
0-0: Ball 1-0: Fly out, F3 (Line Drive, 3, EV 75.0 MPH)
|
|
Batting: RHB Carlos Livas
|
0-0: Ball 1-0: Ball 2-0: Ball 3-0: Called Strike 3-1: Called Strike 3-2: Base on Balls
|
|
Batting: LHB Miguel Espinoza
|
0-0: Ball 1-0: Called Strike Carlos Livas steals 2nd base (no throw) 1-1: Ball 2-1: Foul Ball, location: 2F 2-2: Ball 3-2: Foul Ball, location: 2F 3-2: Base on Balls
|
|
Batting: RHB Jon Solis
|
0-0: Ball 1-0: Foul Ball, location: 2F 1-1: SINGLE (Groundball, 5D, EV 111.3 MPH) Carlos Livas to third Miguel Espinoza to second Runner from 3rd tries for Home, SAFE, throw by LF to home
|
|
Batting: SHB Rodrigo Mendoza
|
0-0: Fly out, F7 (Flyball, 7, EV 92.5 MPH)
|
| Top of the 5th over - 1 run, 1 hit, 0 errors, 2 left on base; University of Southern California 2 - Mississippi State University 10 |
| BOTTOM OF THE 5TH |
|
Mississippi State University Bulldogs batting - Pitching for University of Southern California Trojans : LHP Rafael Lozano
|
|
Batting: LHB Ken Morehead
|
0-0: Foul Ball, location: 2F 0-1: Ball 1-1: Swinging Strike 1-2: Ball 2-2: Strikes out looking
|
|
Batting: LHB Afanasy Zasekin
|
0-0: Ground out 5-3 (Groundball, 5, EV 90.0 MPH)
|
|
Batting: RHB Bo Mar
|
0-0: Ball 1-0: Ball 2-0: Ball 3-0: Base on Balls
|
|
Batting: RHB George Wagner
|
0-0: Called Strike 0-1: Swinging Strike 0-2: Strikes out looking
|
| Bottom of the 5th over - 0 runs, 0 hits, 0 errors, 1 left on base; University of Southern California 2 - Mississippi State University 10 |
| TOP OF THE 6TH |
|
University of Southern California Trojans batting - Pitching for Mississippi State University Bulldogs : RHP Kazuki Arai
|
|
Batting: RHB Arturo Galdamez
|
0-0: Called Strike 0-1: Foul Ball, location: 2F 0-2: Ball 1-2: Strikes out swinging
|
|
Batting: RHB Luis Cruz
|
0-0: Ball 1-0: Foul Ball, location: 2F 1-1: Ball 2-1: Foul Ball, location: 2F 2-2: Strikes out looking
|
|
Batting: RHB Albert Zaragoza
|
0-0: Ball 1-0: Foul Ball, location: 2F 1-1: Swinging Strike 1-2: Ball 2-2: Strikes out swinging
|
| Top of the 6th over - 0 runs, 0 hits, 0 errors, 0 left on base; University of Southern California 2 - Mississippi State University 10 |
| BOTTOM OF THE 6TH |
|
Mississippi State University Bulldogs batting - Pitching for University of Southern California Trojans : LHP Rafael Lozano
|
|
Batting: RHB Mike Bearden
|
0-0: Ball 1-0: Swinging Strike 1-1: Foul Ball, location: 2F 1-2: Ball 2-2: DOUBLE (Line Drive, 7LS, EV 106.9 MPH)
|
|
Pitching: RHP Chris Santos
|
|
|
Batting: RHB Xiao-shuang Au
|
0-0: Ball 1-0: Ball 2-0: Called Strike 2-1: Ball 3-1: Base on Balls
|
|
Batting: LHB Dave Carlisle
|
0-0: Swinging Strike 0-1: Ground out 5-3 (Groundball, 56S, EV 68.8 MPH) Mike Bearden to third Xiao-shuang Au to second
|
|
Batting: RHB Alain Marquet
|
0-0: Called Strike 0-1: Ball 1-1: Ball 2-1: Swinging Strike 2-2: Strikes out looking
|
|
Batting: RHB Justin Young
|
0-0: Ball 1-0: Called Strike 1-1: Called Strike 1-2: Ball 2-2: Ball 3-2: Fly out, F9 (Flyball, 9LM, EV 88.1 MPH)
|
| Bottom of the 6th over - 0 runs, 1 hit, 0 errors, 2 left on base; University of Southern California 2 - Mississippi State University 10 |
| TOP OF THE 7TH |
|
University of Southern California Trojans batting - Pitching for Mississippi State University Bulldogs : RHP Kazuki Arai
|
|
Pinch Hitting: LHB Armando Arellano
|
0-0: Ball 1-0: Ball 2-0: Swinging Strike 2-1: Foul Ball, location: 2F 2-2: SINGLE (Groundball, 6MD, EV 101.9 MPH) (infield hit)
|
|
Batting: LHB Alex Chairez
|
0-0: Foul Ball, location: 2F 0-1: Foul Ball, location: 2F 0-2: Ball 1-2: Foul Ball, location: 2F 1-2: Strikes out swinging
|
|
Pinch Hitting: LHB Beau Aderson
|
0-0: Foul Ball, location: 2F 0-1: Foul Ball, location: 2F 0-2: Ball 1-2: Ball 2-2: DOUBLE (Line Drive, 78M, EV 106.9 MPH) Armando Arellano to third
|
|
Batting: LHB Miguel Espinoza
|
0-0: Called Strike 0-1: Ball 1-1: Foul Ball, location: 2F 1-2: Ball 2-2: Ball 3-2: SINGLE (Line Drive, 8RS, EV 96.9 MPH) Armando Arellano scores Beau Aderson to third
|
|
Pitching: LHP John Schmidt
|
|
|
Pinch Hitting: LHB Jayden Pelayo
|
0-0: Fly out, F9 (Flyball, 9D, EV 95.6 MPH) Runner from 3rd tags up, OUT at HOME! 9-2
|
| Top of the 7th over - 1 run, 3 hits, 0 errors, 1 left on base; University of Southern California 3 - Mississippi State University 10 |
| BOTTOM OF THE 7TH |
|
Mississippi State University Bulldogs batting - Pitching for University of Southern California Trojans : RHP Chris Santos
|
|
Now at 1B: Beau Aderson
|
|
|
Now in CF: Kirk Cully
|
|
|
Now in RF: Jayden Pelayo
|
|
|
Pinch Hitting: LHB Adrian Navarro
|
0-0: Foul Ball, location: 2F 0-1: Ball 1-1: Foul Ball, location: 2F 1-2: Strikes out swinging
|
|
Pinch Hitting: RHB Chuk-yan Li
|
0-0: Foul Ball, location: 2F 0-1: Ground out 6-3 (Groundball, 6S, EV 91.3 MPH)
|
|
Batting: RHB Bo Mar
|
0-0: Swinging Strike 0-1: Foul Ball, location: 2F 0-2: Ground out 5-3 (Groundball, 5, EV 84.4 MPH)
|
| Bottom of the 7th over - 0 runs, 0 hits, 0 errors, 0 left on base; University of Southern California 3 - Mississippi State University 10 |
| TOP OF THE 8TH |
|
University of Southern California Trojans batting - Pitching for Mississippi State University Bulldogs : LHP John Schmidt
|
|
Now at 1B: Dylan Best
|
|
|
Now in LF: Adrian Navarro
|
|
|
Batting: SHB Rodrigo Mendoza
|
0-0: Called Strike 0-1: Ground out 5-3 (Groundball, 56, EV 88.1 MPH)
|
|
Pinch Hitting: LHB Vinaya Satyavrat
|
0-0: Foul Ball, location: 2F 0-1: Ground out U3 (Groundball, 34S, EV 80.6 MPH)
|
|
Batting: RHB Luis Cruz
|
0-0: Ball 1-0: Ball 2-0: Ball 3-0: Called Strike 3-1: Foul Ball, location: 2F 3-2: Strikes out swinging
|
| Top of the 8th over - 0 runs, 0 hits, 0 errors, 0 left on base; University of Southern California 3 - Mississippi State University 10 |
| BOTTOM OF THE 8TH |
|
Mississippi State University Bulldogs batting - Pitching for University of Southern California Trojans : RHP Chris Santos
|
|
Now in LF: Jimmy McIntosh
|
|
|
Batting: RHB George Wagner
|
0-0: Ball 1-0: SINGLE (Groundball, 6S, EV 72.5 MPH) (infield hit)
|
|
Batting: RHB Mike Bearden
|
0-0: Ball 1-0: Swinging Strike 1-1: Ball 2-1: Ball 3-1: Fly out, F9 (Line Drive, 9, EV 85.6 MPH)
|
|
Batting: RHB Xiao-shuang Au
|
0-0: Hit by Pitch George Wagner to second
|
|
Batting: LHB Dave Carlisle
|
0-0: Called Strike 0-1: Swinging Strike 0-2: Foul Ball, location: 2F 0-2: Strikes out swinging
|
|
Batting: RHB Alain Marquet
|
0-0: Ball 1-0: Foul Ball, location: 2F 1-1: Foul Ball, location: 2F 1-2: Ball 2-2: Foul Ball, location: 2F 2-2: Ball 3-2: Ground out 5-3 (Groundball, 5L, EV 90.6 MPH)
|
| Bottom of the 8th over - 0 runs, 1 hit, 0 errors, 2 left on base; University of Southern California 3 - Mississippi State University 10 |
| TOP OF THE 9TH |
|
University of Southern California Trojans batting - Pitching for Mississippi State University Bulldogs : LHP John Schmidt
|
|
Pinch Hitting: LHB Brandon Homol
|
0-0: Ball 1-0: Ball 2-0: Ball 3-0: Called Strike 3-1: SINGLE (Groundball, 6MD, EV 99.4 MPH)
|
|
Batting: RHB Kirk Cully
|
0-0: Called Strike 0-1: Foul Ball, location: 2F 0-2: Ball 1-2: Strikes out swinging
|
|
Pinch Hitting: LHB Jon Rahn
|
0-0: Called Strike 0-1: Swinging Strike 0-2: Fly out, F6 (Popup, 6MD, EV 70.0 MPH)
|
|
Batting: LHB Beau Aderson
|
0-0: SINGLE (Groundball, 4MD, EV 101.9 MPH) Brandon Homol to second
|
|
Batting: LHB Miguel Espinoza
|
0-0: Called Strike 0-1: Ball 1-1: Called Strike 1-2: Strikes out looking
|
| Top of the 9th over - 0 runs, 2 hits, 0 errors, 2 left on base; University of Southern California 3 - Mississippi State University 10 |
|